Map: Ulrena

Players

TokiSada

  • Race: Protoss Protoss
  • League: Diamond

ILLBdA - Winner!

  • Race: Protoss Protoss
  • League: Diamond

VOD

Have the link to the VOD?

Description

Time

  • Played on: Dec. 19, 2015, 7:31 a.m.
  • Length: 10:17
Show
View Real Time Build Order
Export as new Build Order

TokiSada Protoss 

Build Orders:  

Get SALT Encoding   

  12  0:02  Probe (Chrono Boost)  
  13  0:13  Probe (Chrono Boost)  
  14  0:19  Pylon  
  14  0:23  Probe (Chrono Boost)  
  15  0:37  Probe (Chrono Boost)  
  15  0:40  Gateway  
  15  0:42  Assimilator  
  16  0:48  Probe (Chrono Boost)  
  17  0:58  Probe (Chrono Boost)  
  18  1:09  Probe (Chrono Boost)  
  19  1:20  Probe (Chrono Boost)  
  20  1:30  Cybernetics Core  
  20  1:41  Probe (Chrono Boost)  
  21  1:51  Probe (Chrono Boost)  
  22  2:12  Nexus  
  22  2:16  Pylon  
  22  2:35  Mothership Core (Chrono Boost)  
  18  3:33  Gateway  
  18  3:38  Pylon  
  18  3:51  Probe (Chrono Boost), Assimilator  
  18  3:52  Assimilator  
  19  3:59  Gateway  
  19  4:05  Probe (Chrono Boost)  
  20  4:15  Probe (Chrono Boost)  
  21  4:20  Cybernetics Core  
  21  4:24  Pylon  
  21  4:26  Probe (Chrono Boost)  
  22  4:36  Probe (Chrono Boost)  
  23  4:47  Probe (Chrono Boost)  
  24  4:57  Stalker (Chrono Boost)  
  24  4:58  Warp Gate (Chrono Boost)  
  28  5:01  Stalker (Chrono Boost)  
  29  5:14  Nexus  
  27  5:17  Probe  
  28  5:27  Stalker (Chrono Boost)  
  30  5:29  Probe  
  31  5:41  Probe  
  34  5:44  Sentry (Chrono Boost)  
  34  5:46  Pylon  
  34  5:52  Robotics Facility  
  32  6:20  Probe  
  32  6:24  Stargate  
  31  6:31  Probe  
  31  6:32  Probe  
  31  6:42  Probe  
  31  6:43  Gateway x2, Observer (Chrono Boost)  
  31  6:44  Probe  
  31  6:46  Pylon  
  34  6:52  Probe  
  34  6:56  Probe  
  36  7:03  Probe, Forge  
  36  7:07  Twilight Council  
  37  7:08  Probe  
  37  7:10  Assimilator  
  37  7:11  Assimilator  
  38  7:16  Oracle (Chrono Boost)  
  38  7:22  Observer  
  42  7:24  Probe  
  42  7:28  Probe, Pylon  
  44  7:31  Pylon  
  44  7:34  Probe  
  45  7:48  Void Ray (Chrono Boost)  
  45  7:50  Probe  
  49  7:53  Protoss Ground Weapons Level 1  
  50  8:10  Pylon  
  50  8:12  Pylon  
  50  8:13  Pylon  
  50  8:21  Stalker x4  
  50  8:22  Immortal (Chrono Boost)  
  62  8:36  Void Ray (Chrono Boost)  
  66  8:45  Zealot  
  66  8:46  Zealot, Pylon  
  70  8:53  Zealot x2  
  64  9:10  Zealot x2  
  47  9:25  Zealot x2  
  47  9:28  Immortal  
  53  9:39  Sentry  
  53  9:40  Sentry  
  47  9:56  Zealot  
Show
View Real Time Build Order
Export as new Build Order

ILLBdA Protoss - Winner!

Build Orders:  

Get SALT Encoding   

  12  0:01  Probe (Chrono Boost)  
  13  0:12  Probe (Chrono Boost)  
  14  0:19  Pylon  
  14  0:23  Probe (Chrono Boost)  
  15  0:37  Probe (Chrono Boost)  
  15  0:38  Forge  
  16  0:48  Probe (Chrono Boost)  
  17  0:58  Probe (Chrono Boost)  
  18  1:15  Pylon  
  18  1:17  Pylon  
  18  1:30  Probe (Chrono Boost)  
  19  1:33  Photon Cannon  
  19  1:35  Photon Cannon  
  19  1:39  Pylon  
  19  1:40  Probe (Chrono Boost)  
  20  1:51  Probe (Chrono Boost)  
  21  2:03  Photon Cannon  
  21  2:06  Pylon  
  21  2:19  Probe (Chrono Boost), Gateway  
  21  2:21  Assimilator  
  21  2:26  Assimilator  
  21  2:29  Photon Cannon  
  21  2:43  Probe (Chrono Boost)  
  22  2:54  Probe (Chrono Boost)  
  22  2:56  Gateway  
  23  2:58  Pylon  
  23  3:06  Zealot (Chrono Boost)  
  25  3:12  Cybernetics Core  
  25  3:17  Probe  
  26  3:49  Mothership Core (Chrono Boost)  
  26  3:50  Nexus, Warp Gate  
  26  3:51  Sentry  
  30  3:58  Sentry  
  32  4:17  Adept  
  32  4:23  Probe (Chrono Boost)  
  35  4:24  Adept  
  35  4:31  Robotics Facility  
  37  4:33  Probe (Chrono Boost)  
  38  4:44  Probe (Chrono Boost), Adept  
  41  4:54  Probe (Chrono Boost), Adept  
  44  5:05  Probe (Chrono Boost)  
  45  5:11  Probe (Chrono Boost)  
  46  5:15  Probe (Chrono Boost)  
  46  5:19  Observer, Assimilator  
  46  5:20  Assimilator  
  49  5:21  Probe (Chrono Boost), Adept  
  49  5:22  Sentry  
  53  5:38  Probe (Chrono Boost)  
  54  5:49  Immortal (Chrono Boost)  
  58  5:52  Probe  
  56  6:24  Observer (Chrono Boost)  
  57  6:32  Pylon  
  57  6:39  Protoss Ground Weapons Level 1 (Chrono Boost)  
  57  6:40  Photon Cannon  
  57  6:41  Pylon, Robotics Facility  
  57  6:42  Immortal  
  61  6:49  Probe  
  61  6:53  Sentry x2, Pylon  
  66  6:57  Probe, Pylon  
  67  7:02  Probe  
  67  7:07  Probe  
  68  7:14  Probe  
  70  7:18  Probe  
  75  7:23  Immortal  
  75  7:28  Gateway  
  75  7:37  Warp Prism  
  77  7:47  Sentry x2  
  81  7:55  Pylon  
  81  8:10  Stalker x2  
  85  8:18  Immortal x2  
  87  8:35  Probe (Chrono Boost)  
  87  8:38  Probe (Chrono Boost)  
  88  8:42  Sentry x3  
  94  9:03  Immortal  
  94  9:09  Stalker x2  
  102  9:13  Stalker  
  96  9:21  Stalker  
  84  9:40  Stalker x2  
  88  9:56  Stalker  
Tags
 
Matchup
PvP
Replay Pack
me
Add a new tag
Caveats
  • Supply blocks, unpowered buildings, or Contaminate may cause inaccurate times.
  • Supply counts are checked every 10 seconds.